 Dungeon Crawl Stone Soup version 0.20.1-1-g8b1a95d (webtiles) character file.

132 slep the Shield-Bearer (level 4, 0/40 HPs)
             Began as a Minotaur Fighter on Nov 6, 2017.
             Splashed by a jelly's acid (2 damage)
             ... on level 2 of the Dungeon.
             The game lasted 00:07:26 (827 turns).

slep the Shield-Bearer (Minotaur Fighter)            Turns: 827, Time: 00:07:27

Health: 0/40       AC:  7    Str: 18 (20) XL:     4   Next: 92%
Magic:  3/3        EV:  7    Int:  2 (5)  God:
Gold:   60         SH:  9    Dex:  8 (11) Spells: 3/3 levels left

rFire    . . .     SeeInvis .   a - +0 long sword
rCold    . . .     Gourm    .   c - +0 shield
rNeg     . . .     Faith    .   b - +0 scale mail
rPois    .         Spirit   .   (helmet restricted)
rElec    .         Reflect  .   (no cloak)
rCorr    .         Harm     .   (no gloves)
MR       +....                  (no boots)
Stlth    ..........             (no amulet)
Regen    0.2/turn               h - ring of protection from magic
MPRegen  0.1/turn               (no ring)

@: hasted, very quick
A: retaliatory headbutt, horns 2
a: no special abilities


You were on level 2 of the Dungeon.
You were not hungry.

You visited 1 branch of the dungeon, and saw 2 of its levels.

You collected 60 gold pieces.

Inventory:

Hand Weapons
 a - a +0 long sword (weapon)
 n - a +0 flail of draining
Armour
 b - a +0 scale mail (worn)
 c - a +0 shield (worn)
Jewellery
 h - a ring of protection from magic (left hand)
Scrolls
 e - a scroll of identify {unknown}
 j - a scroll of recharging {unknown}
 l - a scroll of fog {unknown}
 m - a scroll of amnesia {unknown}
 o - a scroll of enchant weapon {unknown}
 q - a scroll of remove curse {unknown}
Potions
 d - a potion of might
Comestibles
 f - a bread ration
 g - 11 chunks of flesh
 k - a meat ration


   Skills:
 + Level 3.9 Fighting
 + Level 3.7 Long Blades
 + Level 4.8 Armour
 + Level 0.7 Dodging
 + Level 4.8 Shields


You had 3 spell levels left.
You didn't know any spells.

Dungeon Overview and Level Annotations

Branches:
Dungeon (2/15)

Altars:
Okawaru


Innate Abilities, Weirdness & Mutations

You reflexively headbutt those who attack you in melee.
You have a pair of horns on your head.


Message History

The ooze is severely wounded.
You block the ooze's attack.
You slash the ooze!
You kill the ooze!
You are no longer corroded.
You hit the ooze.
The ooze is lightly wounded.
The ooze hits you but does no damage.
You slash the ooze! You headbutt the ooze.
You kill the ooze!
You hit the jelly.
Your hands burn!
* * * LOW HITPOINT WARNING * * *
The jelly is moderately wounded.
An ooze comes into view.
You hit the jelly.
Your hands burn!
* * * LOW HITPOINT WARNING * * *
The jelly is severely wounded.
The jelly hits you but does no damage.
The ooze moves out of view.
You hit the jelly.
Your hands burn!
You die...

.##.....†###.....##
.##......##.......#
.#######.##.......#
..## #.##.......#
#..#####.##....[..#
##..[...######(...#
##########..'....#
#(########
##(((.)@# #######J#
##### ..# ....#####
.÷# ###.....# ..#
####### ..# ..# P÷#


You could see a jelly.

Vanquished Creatures
  A jelly (D:2)
  3 gnolls
  An adder (D:2)
  6 oozes (D:2)
  4 bats
  2 giant cockroaches
  4 goblins
  3 hobgoblins
  2 jackals (D:1)
  A frilled lizard (D:2)
  9 kobolds
  5 rats
41 creatures vanquished.

Vanquished Creatures (others)
  A fungus (D:2)
  8 toadstools (D:2)
9 creatures vanquished.

Grand Total: 50 creatures vanquished

Notes
Turn   | Place    | Note
-------+----------+-------------------------------------------
     0 | D:1      | slep the Minotaur Fighter began the quest for the Orb.
     0 | D:1      | Reached XP level 1. HP: 19/19 MP: 0/0
   159 | D:1      | Found an iron altar of Okawaru.
   262 | D:1      | Reached XP level 2. HP: 15/26 MP: 1/1
   621 | D:1      | Reached XP level 3. HP: 18/33 MP: 2/2
   763 | D:2      | Reached XP level 4. HP: 40/40 MP: 3/3
   826 | D:2      | HP: 1/40 [acid (3)]
   827 | D:2      | Splashed by a jelly's acid

Skill      XL: |  1  2  3 |
---------------+----------+-----
Shields        | 4 |  4.8
Armour         | 4 |  4.8
Long Blades    | 3 |  3.7
Fighting       | |  3.9
Dodging        | |  0.7

Action                   |  1- 3 |  4- 6 || total
-------------------------+-------+-------++-------
Melee: Long sword        |    71 |    37 ||   108
       Headbutt          |    12 |     7 ||    19
  Use: Potion            |       |     2 ||     2
Armor: Scale mail        |    33 |    13 ||    46
Dodge: Dodged            |    18 |     4 ||    22
Block: Shield            |    34 |    21 ||    55
       Rpst.: Long sword |     7 |     2 ||     9
